 Dungeon Crawl Stone Soup version bcrawl-1.19.1 (webtiles) character file.

Game seed: 13546579891633450568

109 Revguard the Ruffian (level 4, 0/35 HPs)
             Began as a Draconian Transmuter on Dec 4, 2019.
             Slain by a gnoll
             ... wielding a +0 halberd
              (6 damage)
             ... on level 2 of the Dungeon.
             The game lasted 00:06:59 (1885 turns).

Revguard the Ruffian (Draconian Transmuter)         Turns: 1885, Time: 00:06:59

Health: 0/35       AC:  5    Str: 13    XL:     4   Next: 60%
Magic:  2/7        EV: 12    Int: 13    God:
Gold:   130        SH:  5    Dex: 12    Spells: 2/8 levels left

rFire    . . .     SeeInvis .     - Unarmed
rCold    . . .     Gourm    .   (no shield)
rNeg     . . .     Faith    .   (armour unavailable)
rPois    .         Spirit   .   (helmet restricted)
rElec    .         Reflect  +   (no cloak)
rCorr    .         Harm     .   (no gloves)
MR       .....                  (no boots)
Stlth    +.........             g - +5 amulet of reflection
HPRegen  0.11/turn              (no ring)
MPRegen  0.10/turn              (no ring)

@: very slightly contaminated
A: unfitting armour, cold-blooded, AC +5
a: no special abilities


You were on level 2 of the Dungeon.
You were hungry.

You visited 1 branch of the dungeon, and saw 2 of its levels.

You collected 130 gold pieces.

Inventory:

Missiles
 a - 266 arrows
 o - 62 silver javelins (quivered)
Jewellery
 e - an uncursed amulet of magic regeneration {unknown}
 g - a +5 amulet of reflection (around neck)
 k - an uncursed amulet of regeneration {unknown}
 n - an uncursed amulet of the acrobat {unknown}
Scrolls
 b - a scroll of remove curse
 i - a scroll of identify
 j - a scroll of enchant weapon {unknown}
 l - 3 scrolls of teleportation
Potions
 c - a potion of lignification
 h - 2 potions of heal wounds
 m - a potion of mutation {unknown}
Comestibles
 d - 7 rations {!d}
 f - 5 chunks of flesh


   Skills:
 + Level 1.4 Fighting
 + Level 2.1 Dodging
 + Level 4.2 Unarmed Combat
 + Level 2.6 Spellcasting
 * Level 2.5 Transmutations
 * Level 1.0 Poison Magic


You had 2 spell levels left.
You knew the following spells:

 Your Spells              Type           Power        Failure   Level  Hunger
a - Beastly Appendage     Tmut           #.....       9%          1    #......
b - Sticks to Snakes      Tmut           #.......     13%         2    ###....
c - Spider Form           Tmut/Pois      #..          34%         3    ###....

Your spell library contained the following spells:

 Spells                   Type           Power        Failure   Level  Hunger
 Ice Form                 Ice/Tmut       #.......     80%         4    #####..
 Blade Hands              Tmut           #.........   93%         5    ######.


Dungeon Overview and Level Annotations

Branches:
Dungeon (2/12)

Altars:


Innate Abilities, Weirdness & Mutations

Your plain brown scales are hard. (AC +5)
You cannot fit into any form of body armour.
You are cold-blooded and may be slowed by cold attacks.


Message History

The gnoll hits you.
You bite the gnoll!
The gnoll looks as sick as possible!
The gnoll is almost dead.
You kill the gnoll!
Your Poison Magic skill increases to level 1!
The gnoll closely misses you.
You are feeling hungry.
You completely miss the gnoll.
Your transformation has ended.
The gnoll hits you with a +0 halberd!
You barely miss the gnoll.
Casting: Spider Form (safe; 34% risk of failure)
Confirm with . or Enter, or press ? or * to list all spells.
You miscast Spider Form.
You are very lightly contaminated with residual magic.
Nothing appears to happen.
The gnoll hits you with a +0 halberd!
* * * LOW HITPOINT WARNING * * *
A frilled lizard comes into view.
The gnoll hits you from afar with a +0 halberd.
You die...

# #....# # #.#### #..#
###.### #l.# ##....#
#..# ##....# #..#
#.....# #..# ##....#
#..# ##.#### ###..#
##.# #.@..# ##)#
#########.##.# ##.#
<....ggbg..#.# ##.#
....#####..#.#########
...# . #..#.........#
#### ############.#
.... #...# ####
######.### #......#


You could see a gnoll, a bat and a frilled lizard (wandering).

Vanquished Creatures
  2 gnolls (D:2)
  3 adders (D:2)
  3 worms (D:2)
  2 leopard geckos (D:2)
  4 orcs (D:2)
  2 ball pythons
  5 bats
  2 giant cockroaches (D:1)
  7 goblins
  7 hobgoblins
  4 kobolds
  A quokka (D:2)
  A frilled lizard (D:1)
  5 rats
48 creatures vanquished.

Notes
Turn   | Place    | Note
-------+----------+-------------------------------------------
     0 | D:1      | Revguard the Draconian Transmuter began the quest for the
                  | Orb.
     0 | D:1      | Reached XP level 1. HP: 16/16 MP: 3/3
   371 | D:1      | Reached XP level 2. HP: 23/23 MP: 3/5
   429 | D:1      | Learned a level 2 spell: Sticks to Snakes
  1159 | D:2      | Reached XP level 3. HP: 15/28 MP: 4/6
  1337 | D:2      | Learned a level 3 spell: Spider Form
  1527 | D:2      | Reached skill level 4 in Unarmed Combat
  1723 | D:2      | Reached XP level 4. HP: 35/35 MP: 7/7
  1879 | D:2      | Reached skill level 1 in Poison Magic
  1885 | D:2      | Slain by a gnoll

Skill      XL: |  1  2  3  4 |
---------------+-------------+-----
Dodging        | 2 |  2.1
Unarmed Combat | 4 |  4.2
Poison Magic   | 1 |  1.0
Fighting       | |  1.4
Spellcasting   | |  2.6
Transmutations | |  2.5

Action                   |  1- 3 |  4- 6 || total
-------------------------+-------+-------++-------
Melee: Unarmed           |   128 |    25 ||   153
       Kick              |     8 |     1 ||     9
       Tailslap          |     7 |     1 ||     8
       Headbutt          |     6 |     2 ||     8
 Cast: Beastly Appendage |    20 |     3 ||    23
       Spider Form       |     2 |     1 ||     3
  Use: Scroll            |     6 |       ||     6
  Eat: Chunk             |     4 |       ||     4
Armor: Skin              |    43 |     5 ||    48
Dodge: Dodged            |    87 |    13 ||   100
Block: Other             |    14 |     6 ||    20
       Reflection        |     3 |       ||     3
